 Dungeon Crawl Stone Soup version 0.31-a0-408-gb642c7f9a3 (webtiles) character file.

Game seed: 11197117914520998943

158 Gelion the Changeling (level 5, 0/34 HPs)
             Began as an Octopode Shapeshifter on July 29, 2023.
             Was an Initiate of Cheibriados.
             Slain by a quasit (2 damage)
             ... summoned by Eustachio
             ... on level 4 of the Dungeon.
             The game lasted 00:04:25 (2194 turns).

Gelion the Changeling (Octopode Shapeshifter)       Turns: 2194, Time: 00:04:26

Health: 0/34       AC:  1    Str: 15      XL:     5   Next: 40%
Magic:  5/5        EV: 14    Int: 11      God:    Cheibriados [......]
Gold:   1208       SH:  0    Dex: 14 (16) Spells: 4/4 levels left

rFire   . . .        j - +1 dagger
rCold   . . .        (no shield)
rNeg    . . .        (helmet currently unavailable)
rPois   .            (no amulet)
rElec   .            n - ring of see invisible
rCorr   .            (no ring)
SInv    +            (no ring)
Will    .....        (no ring)
Stlth   ++           (no ring)
HPRegen 0.25/turn    (no ring)
MPRegen 0.09/turn    (no ring)
                     (no ring)

%: no passive effects
@: beast-form, slow
A: beast (slay +2), almost no armour, amphibious, 8 rings, camouflage 1,
gelatinous body 1, (nimble swimmer 1), tentacles
a: Begin Untransformation, Renounce Religion


You were on level 4 of the Dungeon.
You worshipped Cheibriados.
Cheibriados was noncommittal.
You were a hulking beast.
You visited 1 branch of the dungeon, and saw 4 of its levels.

You collected 1208 gold pieces.

Inventory:

Hand Weapons
 j - a +1 dagger (weapon)
Jewellery
 g - a +4 ring of protection
 n - a ring of see invisible (left tentacle)
Talismans
 b - a beast talisman
Wands
 l - a wand of paralysis (10)
Scrolls
 c - 2 scrolls of teleportation
 f - 3 scrolls of identify
 h - a scroll of immolation {unknown}
Potions
 a - a potion of lignification
 d - a potion of cancellation
 e - a potion of invisibility
 k - 2 potions of heal wounds


   Skills:
 + Level 2.2 Fighting
 + Level 3.0 Dodging
 + Level 3.7 Unarmed Combat
 * Level 4.0 Shapeshifting


You had 4 spell levels left.
You didn't know any spells.
Your spell library contained the following spells:

 Spells                   Type           Power      Damage    Failure   Level
 Blink                    Tloc           0%         N/A       47%         2
 Lesser Beckoning         Tloc           0%         N/A       47%         2
 Momentum Strike          Conj/Tloc      0%         3d8       47%         2
 Summon Lightning Spire   Summ/Air       0%         N/A       98%         4
 Lee's Rapid Deconstruct  Erth           0%         3d4*      100%        5
 Chain Lightning          Conj/Air       0%         N/A       100%        9
 Fire Storm               Conj/Fire      0%         5d1       100%        9
 Shatter                  Erth           0%         3d5*      100%        9
 Animate Armour           Summ/Erth      Unusable   N/A       N/A         4

Dungeon Overview and Level Annotations

Branches:
Dungeon (4/15)
 Temple: D:4-7

Altars:
Cheibriados
Ru
Trog
Zin

Annotations:
D:4 Eustachio


Innate Abilities, Weirdness & Mutations

You are a hulking beast.
Your limbs bulge with bestial killing power. (Slay +2)
You cannot wear most types of armour.
You are amphibious.
You can wear up to eight rings at the same time.
Your skin changes colour to match your surroundings (Stealth+).
Your rubbery body absorbs attacks. (AC +1, EV +1)
((You are camouflaged when in or above water. (Stealth+)))
You have tentacles for arms and can constrict up to eight enemies at once.


Message History

Eustachio is lightly wounded.
You constrict Eustachio.
Eustachio zaps a wand.
The puff of flame hits you!
* * * LOW HITPOINT WARNING * * *
The crimson imp misses you.
You hit Eustachio. Your squeeze misses Eustachio.
Eustachio is moderately wounded.
You constrict Eustachio.
Eustachio gestures wildly while chanting.
The crimson imp shouts, "Slither away, thou rough-hewn toot-wallowing blabberskite!"
The crimson imp closely misses you.
You hit Eustachio.
Eustachio is moderately wounded.
You constrict Eustachio.
Eustachio gestures wildly while chanting.
Eustachio blinks free!
The quasit bites you.
* * * LOW HITPOINT WARNING * * *
The quasit completely misses you. The quasit closely misses you.
The crimson imp misses you.
The crimson imp blinks!
The quasit completely misses you.
The quasit claws you but does no damage.
The quasit closely misses you. The crimson imp completely misses you.
The quasit bites you.
* * * LOW HITPOINT WARNING * * *
You feel clumsy. The quasit barely misses you. The quasit closely misses you.
Unknown command.
The crimson imp disappears in a puff of smoke!
The quasit bites you.
* * * LOW HITPOINT WARNING * * *
The quasit barely misses you. x2
Eustachio casts a spell.
Eustachio zaps a wand.
The puff of flame misses you.
You barely miss Eustachio. You grab Eustachio. Your squeeze misses Eustachio.
Eustachio is moderately wounded.
You constrict Eustachio. The quasit bites you.
* * * LOW HITPOINT WARNING * * *
You feel clumsy. The quasit misses you. The quasit claws you.
You die...

....###
.......#####
.......#...#
......#...#
#....#...#
#....#...##
#####.5.5....####
........h........
#......@5....#...#
#......<.....# ...
#............# ..
#............# .
#.......[....#
#####........#
#.######## ..


You could see Eustachio, an iron imp (summoned), a quasit (summoned) and a
crimson imp (summoned).

Vanquished Creatures
  Natasha (thrice) (D:2)
  2 adders (D:2)
  An adder zombie (D:2)
  A worm (D:3)
  2 dart slugs
  An orc (D:3)
  3 ball pythons
  4 bats
  A bat skeleton (D:2)
  A bat zombie (D:2)
  2 endoplasms (D:2)
  4 giant cockroaches
  3 goblins (D:3)
  3 hobgoblins
  7 jackals
  5 kobolds (D:2)
  A ball python skeleton (D:2)
  A ball python zombie (D:2)
  5 frilled lizards
  A quokka skeleton (D:2)
  3 rats
54 creatures vanquished.

Notes
Turn   | Place    | Note
-------+----------+-------------------------------------------
     0 | D:1      | Gelion the Octopode Shapeshifter began the quest for the
                  | Orb.
     0 | D:1      | Reached XP level 1. HP: 13/13 MP: 1/1
   197 | D:1      | Reached XP level 2. HP: 18/18 MP: 2/2
   678 | D:2      | Reached XP level 3. HP: 23/23 MP: 3/3
   801 | D:2      | Found a glowing silver altar of Zin.
   875 | D:2      | Reached XP level 4. HP: 20/29 MP: 4/4
   992 | D:2      | Noticed Natasha
   999 | D:2      | Killed Natasha
  1009 | D:2      | Noticed Natasha
  1014 | D:2      | Killed Natasha
  1284 | D:2      | Noticed Natasha
  1295 | D:2      | Killed Natasha
  1296 | D:2      | Reached XP level 5. HP: 27/34 MP: 5/5
  1479 | D:2      | Identified a scroll of acquirement
  1479 | D:2      | Acquired 1012 gold pieces
  1588 | D:3      | Found a sacrificial altar of Ru.
  1718 | D:3      | Reached skill level 4 in Shapeshifting
  1841 | D:3      | Found a bloodstained altar of Trog.
  2137 | D:3      | Found a snail-covered altar of Cheibriados.
  2145 | D:3      | Became a worshipper of Cheibriados the Contemplative
  2176 | D:4      | Noticed Eustachio
  2194 | D:4      | Slain by a quasit

Illustrated notes

Levels and vault maps discovered:
D:1:      eino_arrival_water_star, layout_loops_ring
D:2:      layout_loops_ring, serial_undead, serial_undead_f, serial_undead_c,
          serial_undead_f, serial_undead_a, basic_altar, uniq_natasha
D:3:      layout_loops_ring, mainiacjoe_overflow_tiny_flanked,
          mainiacjoe_overflow_alcove_2, nicolae_ru_path_of_blood,
          chequers_serial_rivers_small_a, nrook_loot_triangle
D:4:      layout_basic, mainiacjoe_overflow_small_starburst,
          mainiacjoe_overflow_concentric_impassable,
          minmay_temple_entry_from_below_a, uniq_eustachio,
          uniq_crazy_yiuf_cottage

Skill      XL: |  1  2  3  4  5 |
---------------+----------------+-----
Fighting       | 2 |  2.2
Dodging        | 3 |  3.0
Shapeshifting  | 4 |  4.0
Unarmed Combat | |  3.7

Action                     |  1- 3 |  4- 6 || total
---------------------------+-------+-------++-------
  Melee: Unarmed           |    27 |       ||    27
         Dagger            |    35 |    58 ||    93
         Constrict         |    15 |    14 ||    29
         Tentacles         |     3 |    12 ||    15
         Punch             |     2 |       ||     2
    Use: Scroll            |       |     9 ||     9
   Stab: Sleeping          |     5 |     6 ||    11
 Armour: Skin              |     5 |     1 ||     6
  Dodge: Dodged            |    46 |    40 ||    86

Table legend: (Time is in decaauts)
 A = Elapsed time spent in this place.
 B = Non-inter-level travel time spent in this place.
 C = Inter-level travel time spent in this place.
 D = Time resting spent in this place.
 E = Time spent auto-exploring this place.
 F = Levels seen in this place.
 G = Mean time per level.
                   A        B        C        D        E       F      G
               +--------+--------+--------+--------+--------+-----+--------+
         Total |   2213 |   2091 |    122 |      0 |   1725 |   4 |  553.2 |
       Dungeon |   2213 |   2091 |    122 |      0 |   1725 |   4 |  553.2 |
               +--------+--------+--------+--------+--------+-----+--------+

Top non-repeatable levels by time:
     D:2: 952 daAuts
     D:3: 656 daAuts
     D:1: 584 daAuts
     D:4: 19 daAuts
